 Dungeon Crawl Stone Soup version 0.31.0-11-ge490571c62 (webtiles) character file.

Game seed: 14596857247258211545

45815 SnakkuSnakku7 the Brawler (level 14, -3/115 HPs)
             Began as a Ghoul Summoner on Jan 26, 2024.
             Was a Believer of Uskayaw.
             Slain by Snorg (13 damage)
             ... on level 4 of the Lair of Beasts.
             The game lasted 00:21:49 (13832 turns).

SnakkuSnakku7 the Brawler (Ghoul Summoner)         Turns: 13832, Time: 00:21:49

Health: -3/115     AC: 27    Str: 17    XL:     14   Next: 34%
Magic:  23/23      EV:  6    Int: 17    God:    Uskayaw [**....]
Gold:   675        SH:  0    Dex:  4    Spells: 15/16 levels left

rFire   + .          .
                       - Unarmed
rCold   + . .        (no shield)
rNeg    + + +        I - +4 plate armour {rF+}
rPois   ∞            Y - +2 hat "Hubuliod" {Int+3 Dex-5 SInv}
rElec   .            (no cloak)
rCorr   .            (no gloves)
SInv    +            v - +2 pair of boots
Will    ++...        A - amulet of regeneration Stlth
                     n - +4 ring of protection
HPRegen 0.00/turn    L - ring of Paguptel {Will+ Slay+3 SInv}
MPRegen 0.18/turn

%: no passive effects
@: about to teleport, inhibited regen
A: claws 1, cold resistance 1, negative energy resistance 3, inhibited
regeneration, torment resistance 2, devour on kill
a: Renounce Religion, Stomp, Line Pass


You were on level 4 of the Lair of Beasts.
You worshipped Uskayaw.
Uskayaw was pleased with you.
You visited 3 branches of the dungeon, and saw 15 of its levels.
You also visited: Trove and Bailey.

You collected 1266 gold pieces.
You spent 591 gold pieces at shops.

Inventory:

Missiles
 k - 2 throwing nets
 l - 6 curare-tipped darts
 s - 36 poisoned darts
Armour
 j - a +0 helmet
 v - a +2 pair of boots (worn)
 G - a +0 tower shield of cold resistance
 H - a +1 crystal plate armour
 I - a +4 plate armour of fire resistance (worn)
 W - a +1 pair of boots of rampaging
 Y - the +2 hat "Hubuliod" (worn) {Int+3 Dex-5 SInv}
   (You found it on level 4 of the Lair of Beasts)

   Int+3:     It affects your intelligence (+3).
   Dex-5:     It affects your dexterity (-5).
   SInv:      It lets you see invisible.
Jewellery
 n - a +4 ring of protection (left claw)
 w - the amulet "Mucodghi" {Spirit rN+}
   (You took it off a wight on level 9 of the Dungeon)

   [amulet of guardian spirit]

   Spirit:    It causes incoming damage to be divided between your reserves of
   health and magic.
   rN+:       It protects you from negative energy.
 y - a ring of ice
 A - an amulet of regeneration (around neck)
 B - the amulet of the Water Diviner {Faith rC+ Will- Int+7}
   (You found it on level 9 of the Dungeon)

   [amulet of faith]

   Faith:     It allows you to gain divine favour quickly.
   Int+7:     It affects your intelligence (+7).
   rC+:       It protects you from cold.
   Will-:     It decreases your willpower.
 E - an amulet of faith
 K - a +6 ring of dexterity
 L - the ring of Paguptel (right claw) {Will+ Slay+3 SInv}
   (You took it off a tengu warrior on level 9 of the Dungeon)

   [ring of see invisible]

   Slay+3:    It affects your accuracy & damage with ranged weapons and melee
   (+3).
   Will+:     It increases your willpower.
   SInv:      It lets you see invisible.
 U - a ring of flight
Wands
 h - a wand of digging (9)
 C - a wand of flame (10)
 F - a wand of polymorph (6)
 J - a wand of light (11)
 N - a wand of iceblast (11)
 O - a wand of paralysis (18)
 S - a wand of mindburst (5)
Scrolls
 a - 2 scrolls of poison {unknown}
 c - 2 scrolls of vulnerability
 f - 2 scrolls of fear
 g - 2 scrolls of butterflies {unknown}
 m - 5 scrolls of immolation {unknown}
 o - 4 scrolls of amnesia {unknown}
 q - 2 scrolls of enchant armour {unknown}
 r - 3 scrolls of teleportation
 t - 4 scrolls of revelation
 u - 2 scrolls of noise {unknown}
 x - a scroll of torment
 X - 2 scrolls of identify
Potions
 b - 4 potions of magic
 d - a potion of cancellation
 e - 6 potions of curing
 i - 4 potions of might
 p - 2 potions of brilliance
 z - 10 potions of ambrosia
 D - 3 potions of haste {unknown}
 V - 2 potions of lignification {unknown}
Miscellaneous
 M - a phantom mirror
 P - a lightning rod (4/4)
 Q - a phial of floods
 R - a tin of tremorstones (2/2)
 T - a sack of spiders


   Skills:
 - Level 8.0 Fighting
 - Level 10.0 Armour
 - Level 1.7 Dodging
 - Level 2.1 Stealth
 + Level 5.2 Shields
 - Level 15.0 Unarmed Combat
 - Level 1.7 Spellcasting
 - Level 3.6 Summonings
 - Level 12.0 Invocations
 - Level 13.0 Evocations


You had 15 spell levels left.
You knew the following spells:

 Your Spells              Type           Power      Damage    Failure   Level
a - Summon Small Mammal   Summ           52%        N/A       75%         1

Your spell library contained the following spells:

 Spells                   Type           Power      Damage    Failure   Level
 Call Imp                 Summ           26%        N/A       87%         2
 Call Canine Familiar     Summ           13%        N/A       98%         3
 Necrotise                Necr           4%         1d4       99%         1
 Slow                     Hex            4%         N/A       99%         1
 Scorch                   Fire           2%         2d5       100%        2
 Confusing Touch          Hex            1%         N/A       100%        3
 Ozocubu's Armour         Ice            1%         N/A       100%        3
 Sigil of Binding         Hex            1%         N/A       100%        3
 Vampiric Draining        Necr           1%         2d6       100%        3
 Flame Wave               Conj/Fire      1%         2d4       100%        4
 Martyr's Knell           Necr/Summ      7%         N/A       100%        4
 Summon Blazeheart Golem  Fire/Summ      7%         N/A       100%        4
 Summon Lightning Spire   Summ/Air       7%         N/A       100%        4
 Curse of Agony           Necr           1%         N/A       100%        5
 Metabolic Englaciation   Hex/Ice        0%         N/A       100%        5
 Sculpt Simulacrum        Ice/Alch       0%         N/A       100%        6
 Summon Cactus Giant      Summ           6%         N/A       100%        6
 Orb of Destruction       Conj           0%         9d5       100%        7
 Spellforged Servitor     Conj/Summ      3%         N/A       100%        7


Dungeon Overview and Level Annotations

Branches:
Dungeon (10/15)            Temple (1/1) D:6            Lair (4/5) D:10
 Shoals (0/4) Lair:2        Snake (0/4) Lair:2        Slime (0/5) Lair:4
    Orc (0/2) D:9          Bailey (visited)

Altars:
Ashenzari
Cheibriados
Dithmenos
Fedhas
Gozag
Hepliaklqana
Kikubaaqudgha
Makhleb
Nemelex Xobeh
Okawaru
Qazlal
Ru
Sif Muna
Trog
Uskayaw
Vehumet
Wu Jian
Xom
Yredelemnul
Jiyva

Shops:
D:2 :[*=(   D:8 ?

Annotations:
D:5 2 transporters, tymior's ghost, novice DrFE
Lair:2 exclusion: 2 oklob plants
Lair:4 Snorg


Innate Abilities, Weirdness & Mutations

You are immune to poison.
You have sharp fingernails.
Your flesh is cold resistant. (rC+)
You are immune to negative energy. (rN+++)
You do not regenerate when monsters are visible.
You are immune to unholy pain and torment.
You thrive by killing the living.


Message History

Snorg is nearby!
You mangle Snorg!!
Snorg is moderately wounded.
Snorg smiles kindly.
Snorg bites you but does no damage. Snorg claws you! Snorg barely misses you.
You closely miss Snorg.
Snorg is moderately wounded.
You scratch Snorg.
Snorg is moderately wounded.
Snorg goes berserk!
You barely miss Snorg. You claw Snorg!
Snorg is moderately wounded.
Snorg bites you! Snorg claws you but does no damage. x2
You completely miss Snorg.
Snorg is moderately wounded.
Snorg bites you but does no damage. Snorg claws you but does no damage.
Snorg claws you!
You claw Snorg!
Snorg is heavily wounded.
Snorg bites you! Snorg claws you! Snorg completely misses you.
You claw Snorg!
Snorg is heavily wounded.
Snorg barely misses you. Snorg claws you! x2
* * * LOW HITPOINT WARNING * * *
You scratch Snorg.
Snorg is heavily wounded.
Snorg bites you.
* * * LOW HITPOINT WARNING * * *
Snorg claws you.
* * * LOW HITPOINT WARNING * * *
Snorg claws you!
* * * LOW HITPOINT WARNING * * *
You can now pass through a line of other dancers.
Okay, then.
Okay, then.
Okay, then.
As you read the scroll of teleportation, it crumbles to dust.
You feel strangely unstable. Snorg bites you but does no damage.
Snorg claws you but does no damage. Snorg claws you!
You die...

### # ### #### #####.### ###
#####.#####..####P##P..P####.####
.................................
.................................
#...#..##..#..#....P..##.........
#...#..##..#.##.@..#..##.........
#..#.......####.T.##..##.........
........#.PP ##..##...#.........
........#...# #....#.............
#..#P..##...# #....#...#.........
#..#P..##...# #....#.............
P..##P.##..## ##..##..#..........
#......#...P# #P...#...#.........
#...#..##...# #...##.............


You could see Snorg (berserk).

Vanquished Creatures
  2 hydras
  2 boulder beetles (Lair:3)
  2 two-headed ogres
  6 death yaks
  A tengu warrior (D:9)
  2 skysharks
  A fire crab (Lair:3)
  A deep elf pyromancer (D:9)
  An orc knight (Bailey)
  A salamander (Lair:2)
  2 cyclopes (D:9)
  A meliai (D:10)
  A merfolk siren (Lair:2)
  2 black mambas
  13 elephants
  A black mamba (shapeshifter) (D:9)
  10 cane toads
  Maggie (D:8)
  A rime drake (Lair:3)
  7 komodo dragons
  A freezing wraith (D:9)
  A kobold demonologist (D:10)
  2 queen bees
  A merfolk (Lair:2)
  Prince Ribbit (D:5)
  3 polar bears
  A hornet (D:7)
  18 blink frogs
  A slime creature (D:9)
  5 wyverns
  8 spriggans (Lair:1)
  18 yaks
  12 basilisks
  2 steam dragons
  Menkaure (D:5)
  3 vampire mosquitoes (D:10)
  2 nagas (Lair:2)
  14 water moccasins
  2 sky beasts (D:6)
  13 orc warriors
  A black bear (D:8)
  2 ice beasts
  16 wolves
  2 centaurs
  2 phantoms
  A kobold brigand (D:8)
  4 gnoll sergeants
  2 scorpions
  9 bullfrogs
  14 wights
  61 killer bees
  5 howler monkeys
  2 electric eels (D:10)
  2 hounds
  6 jellies
  3 bombardier beetles
  2 gnoll boudas
  11 orc priests
  An iguana (D:5)
  7 hell rats
  19 orc wizards
  10 adders
  19 gnolls
  A river rat (D:10)
  A shadow imp (D:6)
  A white imp (D:6)
  A dart slug (D:4)
  A ribbon worm (D:3)
  63 orcs
  6 bats
  7 endoplasms
  2 giant cockroaches
  10 goblins
  9 hobgoblins
  9 kobolds
  4 quokkas
  9 ball pythons
  2 frilled lizards (D:1)
  7 rats
501 creatures vanquished.

Notes
Turn   | Place    | Note
-------+----------+-------------------------------------------
     0 | D:1      | SnakkuSnakku7 the Ghoul Summoner began the quest for the
                  | Orb.
     0 | D:1      | Reached XP level 1. HP: 14/14 MP: 3/3
   373 | D:1      | Reached skill level 1 in Fighting
   373 | D:1      | Reached skill level 1 in Unarmed Combat
   373 | D:1      | Reached XP level 2. HP: 14/23 MP: 4/4
  1215 | D:1      | Reached XP level 3. HP: 23/29 MP: 5/5
  1239 | D:2      | Found Lepn's Armour Shop.
  1248 | D:2      | Found Zawediur's Jewellery Shop.
  1302 | D:2      | Found Palouduw's General Store.
  1309 | D:2      | Bought a potion of heal wounds for 70 gold pieces
  1309 | D:2      | Bought a scroll of identify for 28 gold pieces
  1339 | D:2      | Found Alaenest's Book Emporium.
  1360 | D:2      | Reached skill level 2 in Unarmed Combat
  1368 | D:2      | Found a faded altar of an unknown god.
  1677 | D:2      | Reached XP level 4. HP: 22/37 MP: 6/6
  1764 | D:2      | Found Zicsum's Weapon Emporium.
  1871 | D:3      | Found an ornate altar of the Wu Jian Council.
  2085 | D:3      | Reached skill level 3 in Unarmed Combat
  2200 | D:3      | Reached XP level 5. HP: 8/45 MP: 7/7
  2769 | D:3      | Found a shimmering blue altar of Sif Muna.
  2775 | D:3      | Found a sacrificial altar of Ru.
  2778 | D:3      | Found a radiant altar of Vehumet.
  2813 | D:3      | Found a blossoming altar of Fedhas.
  2972 | D:4      | Reached skill level 4 in Unarmed Combat
  3372 | D:3      | Reached XP level 6. HP: 44/52 MP: 8/8
  3685 | D:4      | Reached skill level 5 in Fighting
  3685 | D:4      | Reached skill level 5 in Unarmed Combat
  4099 | D:5      | Entered Level 5 of the Dungeon
  4168 | D:2      | Bought a +2 pair of boots for 181 gold pieces
  4265 | D:5      | Reached XP level 7. HP: 53/61 MP: 9/9
  4390 | D:5      | Noticed tymior's ghost (novice DrFE)
  4405 | D:5      | Found a transporter.
  4405 | D:5      | Found a transporter.
  4411 | D:5      | Noticed Menkaure
  4417 | D:5      | Killed Menkaure
  4483 | D:5      | Noticed Prince Ribbit
  4501 | D:5      | Killed Prince Ribbit
  4502 | D:5      | Reached skill level 6 in Unarmed Combat
  4535 | D:5      | Reached XP level 8. HP: 35/71 MP: 10/10
  4726 | D:5      | Reached skill level 7 in Unarmed Combat
  4934 | D:6      | Found a shadowy altar of Dithmenos.
  5273 | D:6      | Reached skill level 8 in Unarmed Combat
  5292 | D:6      | Found a staircase to the Ecumenical Temple.
  5310 | Temple   | Entered the Ecumenical Temple
  5319 | Temple   | Became a worshipper of Uskayaw the Reveller
  5338 | D:6      | Found an iron altar of Okawaru.
  5370 | D:6      | Reached * piety under Uskayaw
  5375 | D:6      | Reached ** piety under Uskayaw
  5386 | D:6      | Identified the +5 whip of Imminent Death {flame, +Blink rC+
                  | Dex+3 SInv}
  5386 | D:6      | Noticed a hornet
  5416 | D:7      | Identified the +0 ring mail of the Lost Knives {+Inv rPois
                  | Str+2}
  5443 | D:7      | Reached *** piety under Uskayaw
  5444 | D:7      | Reached **** piety under Uskayaw
  5478 | D:7      | Reached skill level 9 in Unarmed Combat
  5478 | D:7      | Reached XP level 9. HP: 81/81 MP: 11/11
  5572 | D:7      | Reached ***** piety under Uskayaw
  5580 | D:7      | Reached ****** piety under Uskayaw
  5581 | D:7      | Reached skill level 10 in Unarmed Combat
  6223 | D:7      | Killed a hornet
  6359 | D:6      | Reached skill level 11 in Unarmed Combat
  6612 | D:8      | Noticed Maggie
  6617 | D:8      | Reached skill level 12 in Unarmed Combat
  6631 | D:8      | Killed Maggie
  6659 | D:8      | Found a flagged portal.
  6667 | D:8      | Reached XP level 10. HP: 87/88 MP: 12/12
  6681 | Bailey   | Entered a bailey
  6949 | Bailey   | Reached skill level 13 in Unarmed Combat
  6978 | Bailey   | Noticed an orc knight
  6993 | Bailey   | Killed an orc knight
  7184 | D:8      | Found Qineduyk's Magic Scroll Boutique.
  7187 | D:8      | Bought a scroll of blinking for 90 gold pieces
  7187 | D:8      | Bought a scroll of fear for 48 gold pieces
  7187 | D:8      | Bought a scroll of teleportation for 36 gold pieces
  7187 | D:8      | Bought a scroll of identify for 24 gold pieces
  7187 | D:8      | Bought a scroll of revelation for 90 gold pieces
  7187 | D:8      | Bought a scroll of identify for 24 gold pieces
  7313 | D:8      | Noticed a two-headed ogre
  7322 | D:8      | Killed a two-headed ogre
  7323 | D:8      | Reached skill level 14 in Unarmed Combat
  7992 | D:9      | Noticed a six-headed hydra
  8008 | D:9      | Killed a six-headed hydra
  8009 | D:9      | Reached skill level 15 in Unarmed Combat
  8014 | D:9      | Identified the ring "Obov" {+Blink rC- Will- Int+6 Dex+2
                  | Slay+6}
  8020 | D:9      | Noticed a cyclops
  8039 | D:9      | Reached XP level 11. HP: 77/94 MP: 13/13
  8043 | D:9      | Killed a cyclops
  8087 | D:9      | Reached skill level 5 in Armour
  8159 | D:9      | Identified the ring of Paguptel {Will+ Slay+3 SInv}
  8159 | D:9      | Noticed a tengu warrior
  8181 | D:9      | Killed a tengu warrior
  8216 | D:9      | Identified the amulet "Ethrubb" {Spirit MP-9 Dex+5 Stlth+}
  8333 | D:9      | Found a staircase to the Orcish Mines.
  8365 | D:9      | Identified the amulet "Mucodghi" {Spirit rN+}
  8472 | D:9      | Noticed a cyclops
  8479 | D:9      | Killed a cyclops
  8721 | D:9      | Identified the amulet of the Water Diviner {Faith rC+ Will-
                  | Int+7}
  8795 | D:9      | Noticed a deep elf pyromancer
  8805 | D:9      | Killed a deep elf pyromancer
  8907 | D:10     | Entered Level 10 of the Dungeon
  9116 | D:10     | Noticed a two-headed ogre
  9125 | D:10     | Killed a two-headed ogre
  9212 | D:10     | Noticed a death yak
  9214 | D:10     | Noticed a death yak
  9214 | D:10     | Noticed a death yak
  9228 | D:10     | Killed a death yak
  9229 | D:10     | Reached XP level 12. HP: 84/101 MP: 14/14
  9232 | D:10     | Killed a death yak
  9233 | D:10     | Reached skill level 10 in Armour
  9239 | D:10     | Killed a death yak
  9263 | D:10     | Found a staircase to the Lair.
  9562 | D:10     | Found a portal to a secret trove of treasure.
  9964 | D:10     | You paid a toll of 4 scrolls of blinking to enter a
                  | treasure trove
  9965 | Trove    | Entered a treasure trove
  9976 | Trove    | Identified the staff of the Ageless Towns {rF+ rC+ rN++
                  | Will- Ice}
 10099 | Lair:1   | Entered Level 1 of the Lair of Beasts
 10177 | Lair:1   | Reached skill level 5 in Evocations
 10606 | Lair:1   | Reached skill level 10 in Evocations
 10747 | Lair:1   | Reached XP level 13. HP: 107/107 MP: 16/16
 11292 | Lair:2   | Reached skill level 5 in Invocations
 11553 | Lair:2   | You fall into a shaft and drop 2 floors!
 11559 | Lair:4   | Found a staircase to the Slime Pits.
 11569 | Lair:4   | Found a viscous altar of Jiyva.
 11674 | Lair:3   | Found a transporter.
 11676 | Lair:3   | Found a transporter.
 11984 | Lair:3   | Reached skill level 10 in Invocations
 12213 | Lair:2   | Reached XP level 14. HP: 99/115 MP: 22/22
 12354 | Lair:2   | Found a staircase to the Shoals.
 12736 | Lair:2   | Found a staircase to the Snake Pit.
 13000 | Lair:3   | Reached skill level 1 in Shields
 13642 | Lair:4   | Identified the +2 hat "Hubuliod" {Int+3 Dex-5 SInv}
 13792 | Lair:4   | Reached skill level 5 in Shields
 13821 | Lair:4   | Noticed Snorg
 13832 | Lair:4   | Slain by Snorg

Illustrated notes

Levels and vault maps discovered:
D:1:      dpeg_arrival_round_c, layout_basic, serial_forest,
          infiniplex_forest_clump_large, infiniplex_forest_end_3,
          infiniplex_forest_clump_curved, infiniplex_forest_join,
          infiniplex_forest_lined_3_way, chequers_serial_rivers_large_a
D:2:      layout_rooms, serial_curves, eino_curves_01, eino_curves_03,
          shapermc_ecumenical_altar_mp_urbaneastern, serial_shops, shop, shop,
          nicolae_shop_crystal, nicolae_shop_behind_doors, shop
D:3:      layout_basic, nicolae_wu_jian_wuxing_cycle,
          nicolae_overflow_hallway_of_the_gods
D:4:      layout_basic
D:5:      layout_loops_ring, gammafunk_ghost_hive,
          minmay_misc_feat_more_columns, uniq_menkaure, uniq_prince_ribbit1
D:6:      layout_rooms, mainiacjoe_overflow_boulevard,
          mainiacjoe_overflow_small_starburst, minmay_temple_entry_large_hall
D:7:      layout_basic
D:8:      layout_loops_ring, serial_shops, nicolae_shop_tiny_real_fake_doors,
          enter_bailey_4, nicolae_nh_ransacked_shop, uniq_maggie
D:9:      minmay_the_grid_triangle_9x9_recursive_2_mashed
          [minmay_the_grid_triangle_9x9_prize_special,
          minmay_the_grid_triangle_9x9_longest,
          minmay_the_grid_triangle_9x9_flanged_cone,
          minmay_the_grid_triangle_9x9_sparse_checkered], layout_long_grid,
          david_orc_3, special_room [special_room_bee],
          guppyfry_early_elven_hall
D:10:     nicolae_moon_pools, layout_basic, dpeg_lair_monsters, enter_trove_3,
          minmay_microvault
Temple:   nicolae_temple_ecumenical_triangle
Lair:1:   kb_forest_paths, layout_regular_city
Lair:2:   hangedman_what_comes_after_a, layout_regular_city,
          elwin_shoals_entry_rooms, alex1729_snake_entry_snake
Lair:3:   gammafunk_boulding_lane, layout_gridlike, serial_bayou_shore_a,
          serial_bayou_shore_b, serial_bayou_shore_b, serial_bayou_shore_b
Lair:4:   layout_long_grid, nicolae_slime_entry_field_trip, lemuel_fruit_tree,
          uniq_snorg

Skill      XL: |  1  2  3  4  5  6  7  8  9 10 11 12 13 14 |
---------------+-------------------------------------------+-----
Fighting       | 1 2 3 4 5 6 8 |  8.0
Unarmed Combat | 1 2 3 4 5 6 9 12 15 | 15.0
Armour         | 3 9 10 | 10.0
Invocations    | 4 11 12 | 12.0
Evocations     | 11 13 | 13.0
Shields        | 5 |  5.2
Dodging        | |  1.7
Stealth        | |  2.1
Spellcasting   | |  1.7
Summonings     | |  3.6

Action                     |  1- 3 |  4- 6 |  7- 9 | 10-12 | 13-15 || total
---------------------------+-------+-------+-------+-------+-------++-------
  Melee: Unarmed           |   165 |   271 |   333 |   662 |   551 ||  1982
         Punch             |     3 |     3 |    25 |    55 |    69 ||   155
  Throw: Dart              |       |       |       |     1 |       ||     1
  Evoke: Wand              |       |       |       |     4 |       ||     4
    Use: Scroll            |     5 |     1 |     1 |     4 |     2 ||    13
         Potion            |     1 |       |       |       |     1 ||     2
   Stab: Sleeping          |     2 |       |       |       |       ||     2
         Paralysed         |       |       |     6 |    41 |    40 ||    87
         Invisible         |       |       |       |     1 |       ||     1
 Armour: Robe              |    59 |       |       |       |       ||    59
         Leather armour    |    30 |       |       |       |       ||    30
         Chain mail        |       |   215 |       |       |       ||   215
         Plate armour      |       |     1 |   323 |   690 |   591 ||  1605
  Dodge: Dodged            |   135 |    72 |    53 |   199 |   170 ||   629
